 Dungeon Crawl Stone Soup version 0.31-a0-1267-gfedaa18580 (webtiles) character file.

Game seed: 13038874250358747538

2261 skwerlee the Fighter (level 9, -3/101 HPs)
             Began as an Ogre Berserker on Dec 8, 2023.
             Was a Priest of Trog.
             Slain by a gnoll
             ... wielding a +2 spear of distortion
             ... led by a gnoll bouda
              (4 damage)
             ... on level 8 of the Dungeon on Dec 17, 2023.
             The game lasted 00:13:46 (8126 turns).

skwerlee the Fighter (Ogre Berserker)               Turns: 8126, Time: 00:13:46

Health: -3/101     AC:  6    Str: 27    XL:     9   Next: 38%
Magic:  0/9        EV:  9    Int:  8    God:    Trog [***...]
Gold:   282        SH:  0    Dex:  8    Spells: 8/8 levels left

rFire   . . .        E - +0 war axe
rCold   . . .        r - +2 kite shield
rNeg    . . .        o - +0 robe
rPois   .            (helmet restricted)
rElec   .            D - +2 cloak
rCorr   .            (gloves unavailable)
SInv    .            (boots unavailable)
Will    .....        l - amulet of guardian spirit
Stlth   +            (no ring)
HPRegen 0.36/turn    (no ring)
MPRegen 0.11/turn

%: guardian spirit
@: confused, lethally poisoned (-3 -> -7), weakened
A: large, unfitting armour, tough skin 1
a: Renounce Religion, Berserk, Trog's Hand


You were on level 8 of the Dungeon.
You worshipped Trog.
Trog was most pleased with you.
You visited 1 branch of the dungeon, and saw 8 of its levels.

You collected 332 gold pieces.
You spent 50 gold pieces at shops.

Inventory:

Hand Weapons
 E - a +0 war axe (weapon)
Armour
 o - a +0 robe (worn)
 r - a +2 kite shield (worn)
 D - a +2 cloak (worn)
Jewellery
 l - an amulet of guardian spirit (around neck)
Wands
 a - a wand of digging (9)
 n - a wand of iceblast (12)
 p - a wand of charming (19)
Scrolls
 c - a scroll of enchant weapon {unknown}
 d - a scroll of fear {unknown}
 h - a scroll of enchant armour {unknown}
 m - 2 scrolls of blinking
 s - 2 scrolls of teleportation
 v - a scroll of acquirement {unknown}
 w - a scroll of noise {unknown}
 x - 4 scrolls of revelation
 y - 2 scrolls of vulnerability
 z - a scroll of amnesia {unknown}
 C - a scroll of poison {unknown}
 F - a scroll of identify
Potions
 f - 3 potions of attraction
 g - a potion of brilliance {unknown}
 i - a potion of resistance
 j - a potion of haste {unknown}
 k - a potion of ambrosia {unknown}
 q - 2 potions of might {unknown}
 t - 2 potions of cancellation {unknown}
 u - a potion of mutation {unknown}
 A - a potion of lignification {unknown}


   Skills:
 + Level 9.9 Fighting
 + Level 9.9 Axes
 - Level 3.7 Dodging
 - Level 1.0 Stealth
 - Level 1.0 Shields


You had 8 spell levels left.
You didn't know any spells.
Your spell library was empty.

Dungeon Overview and Level Annotations

Branches:
Dungeon (8/15)             Temple (0/1) D:4
   Lair: D:8-11

Altars:
Fedhas
Kikubaaqudgha
Nemelex Xobeh
Qazlal
Ru
Uskayaw
Vehumet
Xom

Shops:
D:3 ?   D:6 *

Annotations:
D:3 1 runed translucent door, odbg100's ghost, amateur MiFi
D:8 Maurice


Innate Abilities, Weirdness & Mutations

You are too large for most types of armour.
You have tough skin. (AC +1)


Message History

The poisoned dart hits you!
You are more poisoned.
You hit the gnoll bouda but do no damage.
You miss something.
You feel very sick. The gnoll barely misses you.
The gnoll bouda barely misses you.
You hear some strange, mumbled words.
You feel very sick. The kobold brigand closely misses you.
The gnoll completely misses you.
The gnoll bouda hits you with a +0 club.
* * * LOW HITPOINT WARNING * * *
You miss the kobold brigand. You barely miss the gnoll bouda.
You feel sick. The kobold brigand barely misses you.
The gnoll hits you from afar with a +2 spear of distortion.
* * * LOW HITPOINT WARNING * * *
Space warps horribly around you!
* * * LOW HITPOINT WARNING * * *
The gnoll misses you.
The gnoll bouda hits you with a +0 club.
* * * LOW HITPOINT WARNING * * *
The kobold brigand closely misses you.
You slash the gnoll bouda!
The gnoll bouda is heavily wounded.
You closely miss the kobold brigand.
You feel sick.
The gnoll is no longer moving quickly.
The gnoll hits you from afar with a +2 spear of distortion.
* * * LOW HITPOINT WARNING * * *
Space warps around you.
* * * LOW HITPOINT WARNING * * *
The gnoll closely misses you. The gnoll bouda closely misses you.
The kobold brigand closely misses you.
You slash the kobold brigand!
The kobold brigand is heavily wounded.
You slash the gnoll bouda!
You kill the gnoll bouda!
Trog accepts your kill.
* * * LOW HITPOINT WARNING * * *
You feel sick.
The gnoll is no longer moving quickly.
The gnoll hits you from afar with a +2 spear of distortion.
You die...

..##.....##.....#.....#
..#########....##.....#
..##.....##....##.....#
..#...................#
..#.>..........(......#
..#......########.....#
..##.)...##....##.....#
..##.....##...........#
................@.....#
..........(.....K)g...#
..##............gg...## ###
####+######....##....##....
##....##...........
#........(.........
#.....)............
####..##..######...
#####..# ..


You could see a kobold brigand and 3 gnolls.

Vanquished Creatures
  A wraith (D:7)
  Edmund (D:6)
  3 water moccasins
  An orc warrior (D:8)
  An ice beast (D:6)
  An ogre (D:7)
  A centaur (D:5)
  A kobold brigand (D:7)
  3 phantoms
  5 scorpions
  6 killer bees
  Crazy Yiuf (D:7)
  A gnoll bouda (D:8)
  3 hounds (D:5)
  A jelly (D:5)
  Jessica (D:2)
  3 iguanas
  3 orc wizards
  5 adders
  2 worms
  5 dart slugs
  21 orcs
  4 endoplasms
  A giant cockroach (D:2)
  8 goblins
  8 hobgoblins
  3 jackals (D:5)
  4 quokkas
  6 ball pythons
  2 bats (D:1)
  3 frilled lizards
  15 kobolds
  4 rats
128 creatures vanquished.

Notes
Turn   | Place    | Note
-------+----------+-------------------------------------------
     0 | D:1      | skwerlee the Ogre Berserker began the quest for the Orb.
     0 | D:1      | Reached XP level 1. HP: 24/24 MP: 1/1
   273 | D:1      | Found a faded altar of an unknown god.
   284 | D:1      | Reached XP level 2. HP: 30/32 MP: 2/2
  1042 | D:2      | Reached XP level 3. HP: 39/40 MP: 3/3
  1260 | D:2      | Noticed Jessica
  1268 | D:2      | Killed Jessica
  1269 | D:2      | Reached XP level 4. HP: 25/49 MP: 4/4
  1551 | D:2      | Found a sacrificial altar of Ru.
  1832 | D:2      | Reached ** piety under Trog
  1990 | D:3      | Found a blossoming altar of Fedhas.
  2132 | D:3      | Found Uzeiqoy's Magic Scroll Shoppe.
  2142 | D:3      | Bought a scroll of teleportation for 30 gold pieces
  2142 | D:3      | Bought a scroll of identify for 20 gold pieces
  2289 | D:3      | Found a runed translucent door.
  2535 | D:3      | Noticed odbg100's ghost (amateur MiFi)
  2718 | D:4      | Reached XP level 5. HP: 55/55 MP: 5/5
  2746 | D:4      | Reached skill level 5 in Fighting
  2979 | D:4      | Found a staircase to the Ecumenical Temple.
  3032 | D:4      | Found a hide-covered altar of Uskayaw.
  3085 | D:4      | Noticed a phantom
  3092 | D:4      | Killed a phantom
  3093 | D:4      | Reached skill level 5 in Axes
  3093 | D:4      | Reached skill level 1 in Stealth
  3093 | D:4      | Reached skill level 1 in Shields
  3093 | D:4      | Reached XP level 6. HP: 59/66 MP: 3/6
  3598 | D:5      | Entered Level 5 of the Dungeon
  3607 | D:5      | Found a sparkling altar of Nemelex Xobeh.
  3905 | D:5      | Reached XP level 7. HP: 53/74 MP: 3/7
  4283 | D:5      | Reached *** piety under Trog
  5018 | D:6      | Reached XP level 8. HP: 36/87 MP: 6/8
  5206 | D:6      | Found Xej Pista's Assorted Antiques.
  5623 | D:6      | Found a shimmering altar of Xom.
  5670 | D:6      | Found a radiant altar of Vehumet.
  5684 | D:6      | Noticed Edmund
  5702 | D:6      | Killed Edmund
  6185 | D:7      | Found a stormy altar of Qazlal.
  6233 | D:7      | Upgraded the game from 0.31-a0-1074-g0b22e4e0f1 to
                  | 0.31-a0-1267-gfedaa18580
  6498 | D:7      | Found an ancient bone altar of Kikubaaqudgha.
  6522 | D:7      | Noticed a wraith
  6534 | D:7      | Reached XP level 9. HP: 72/98 MP: 2/9
  6546 | D:7      | HP: 2/100 [orc/+0 hand axe (4)]
  7227 | D:7      | Identified the +6 hammer "Xuar" {flame, rC+ Int+2}
  7229 | D:7      | Found a runed translucent door.
  7230 | D:7      | Noticed Crazy Yiuf
  7391 | D:7      | Killed Crazy Yiuf
  7509 | D:8      | HP: 5/100 [killer bee (4)]
  8088 | D:8      | Noticed a kobold demonologist
  8088 | D:8      | Noticed Maurice
  8106 | D:8      | Something stole an amulet of the acrobat
  8115 | D:8      | Something stole a +1 dire flail of protection
  8125 | D:8      | HP: 1/101 [gnoll/+2 spear of distortion[a gnoll bouda] (5)]
  8126 | D:8      | Slain by a gnoll

Illustrated notes

Levels and vault maps discovered:
D:1:      minmay_arrival_four_houses, layout_loops_corners,
          shapermc_ecumenical_altar_mp_ritualfount, minmay_misc_feat_nine_boxes
D:2:      layout_rooms, basic_altar, serial_aquarium, aquarium_bridge_square
          [aquarium_subvault_window, aquarium_subvault_bridge,
          aquarium_subvault_bridge, aquarium_subvault_balcony],
          aquarium_window_2, aquarium_window_corner, aquarium_window_corridor_3,
          aquarium_view_2c, aquarium_balcony_1b, hangedman_decor_push,
          uniq_jessica
D:3:      layout_basic, fedhas_altar_1, serial_shops, shop,
          ebering_ghost_reflecting_pool
D:4:      layout_basic, lemuel_crystal_altar, minmay_temple_entry_tees,
          kennysheep_decorative_pillar, minmay_misc_feat_tiny
D:5:      layout_rooms, nicolae_overflow_hidden_temple
D:6:      layout_gridville, lemuel_coloured_pillars_altar, fiery_altar_vehumet,
          serial_shops, nicolae_shop_rolling_square, uniq_edmund
D:7:      layout_basic, kiku_gazebo_pond_becter,
          mainiacjoe_overflow_concentric_impassable, grunt_decor_one_mirror,
          uniq_crazy_yiuf_cottage
D:8:      layout_gridville, uniq_maurice

Skill      XL: |  1  2  3  4  5  6  7  8 |
---------------+-------------------------+-----
Dodging        | 3 |  3.7
Axes           | 4 5 6 7 9 |  9.9
Fighting       | 5 7 9 |  9.9
Stealth        | 1 |  1.0
Shields        | 1 |  1.0

Action                     |  1- 3 |  4- 6 |  7- 9 || total
---------------------------+-------+-------+-------++-------
  Melee: Hand axe          |    65 |   178 |   204 ||   447
         Punch             |     1 |       |       ||     1
         War axe           |       |       |    96 ||    96
 Invoke: Berserk           |     1 |     1 |     4 ||     6
    Use: Scroll            |       |     3 |     2 ||     5
         Potion            |       |       |     7 ||     7
   Stab: Sleeping          |       |     1 |     1 ||     2
 Armour: Animal skin       |    40 |    25 |       ||    65
         Robe              |       |    87 |   221 ||   308
  Dodge: Dodged            |    36 |    65 |   128 ||   229
  Block: Kite shield       |       |    48 |   164 ||   212

Table legend: (Time is in decaauts)
 A = Elapsed time spent in this place.
 B = Non-inter-level travel time spent in this place.
 C = Inter-level travel time spent in this place.
 D = Time resting spent in this place.
 E = Time spent auto-exploring this place.
 F = Levels seen in this place.
 G = Mean time per level.
                   A        B        C        D        E       F      G
               +--------+--------+--------+--------+--------+-----+--------+
         Total |   8246 |   7966 |    280 |   2191 |   4626 |   8 | 1030.8 |
       Dungeon |   8246 |   7966 |    280 |   2191 |   4626 |   8 | 1030.8 |
               +--------+--------+--------+--------+--------+-----+--------+

Top non-repeatable levels by time:
     D:7: 1609 daAuts
     D:6: 1315 daAuts
     D:1: 1039 daAuts
     D:5: 1025 daAuts
     D:2: 915 daAuts
     D:4: 907 daAuts
     D:3: 787 daAuts
     D:8: 646 daAuts
